Map: Shrines of Lizul

Players

HellcaT

  • Race: Zerg Zerg
  • Spawn Location: 6:00

ILIEKEGGPIE

  • Race: Protoss Protoss
  • League: Platinum
  • Spawn Location: 9:00

Prometheus - Winner!

  • Race: Protoss Protoss
  • Spawn Location: 3:00

Fedayn - Winner!

  • Race: Zerg Zerg
  • League: Platinum
  • Spawn Location: 12:00

VOD

Have the link to the VOD?

Description

Time

  • Played on: May 31, 2018, 3:20 p.m.
  • Length: 10:19
Show
View Real Time Build Order
Export as new Build Order

HellcaT Zerg 

Build Orders: Hatch First 

Get SALT Encoding   

  12  0:02  Drone  
  13  0:08  Drone  
  14  0:44  Extractor  
  14  0:45  Drone  
  14  0:49  Overlord  
  14  0:53  Hatchery  
  13  0:58  Drone  
  14  1:12  Spawning Pool  
  14  1:18  Drone  
  14  1:36  Drone x3  
  17  2:00  Zergling x4  
  19  2:05  Queen  
  21  2:18  Zergling x2  
  22  2:25  Zergling x4  
  22  2:26  Zergling x2  
  25  2:31  Metabolic Boost  
  25  2:40  Zergling x4  
  27  3:00  Drone  
  27  3:05  Overlord  
  28  3:12  Baneling Nest  
  27  3:41  Overlord  
  27  3:42  Zergling x2  
  27  3:43  Zergling x8  
  32  3:56  Pneumatized Carapace  
  32  4:08  Drone x2  
  34  4:10  Drone x2  
  34  4:15  Lair  
  36  4:18  Overlord x2  
  36  4:38  Queen  
  36  4:39  Extractor  
  36  4:40  Drone x3  
  40  4:47  Hatchery  
  40  4:48  Extractor  
  38  4:58  Baneling x4  
  38  4:59  Baneling  
  37  5:02  Zergling x8  
  41  5:20  Overseer x3  
  40  5:25  Baneling  
  40  5:26  Baneling  
  39  5:49  Drone x3  
  42  6:01  Hydralisk Den  
  41  6:07  Drone x3  
  41  6:08  Extractor  
  41  6:10  Queen  
  45  6:11  Drone  
  45  6:12  Drone  
  48  6:25  Drone  
  48  6:28  Drone x6  
  48  6:31  Muscular Augments  
  54  6:37  Evolution Chamber  
  54  6:39  Evolution Chamber  
  52  6:43  Centrifical Hooks  
  51  7:12  Hydralisk x3  
  51  7:13  Overlord  
  51  7:14  Overlord x2  
  56  7:15  Zergling x2  
  56  7:19  Baneling  
  57  7:33  Roach Warren  
  57  7:34  Hydralisk x3  
  57  7:35  Hydralisk  
  64  7:43  Grooved Spines  
  64  7:53  Drone x3  
  64  7:56  Extractor  
  64  7:58  Extractor  
  65  8:01  Hydralisk x2  
  65  8:02  Hydralisk  
  65  8:03  Hydralisk  
  65  8:04  Hydralisk x2  
  77  8:15  Zerg Missile Weapons Level 1  
  77  8:18  Zergling x2  
  48  8:49  Hydralisk x4  
  48  8:51  Roach x7  
  62  9:08  Roach x6  
  68  9:18  Roach x2  
  58  9:24  Roach x2  
  58  9:27  Roach  
  58  9:33  Roach  
  34  9:52  Roach  
  34  9:53  Roach  
Show
View Real Time Build Order
Export as new Build Order

ILIEKEGGPIE Protoss 

Build Orders:  

Get SALT Encoding   

  12  0:03  Probe  
  13  0:15  Probe  
  13  0:19  Pylon  
  14  0:25  Probe  
  15  0:33  Probe  
  15  0:41  Gateway  
  15  0:42  Probe  
  17  0:51  Assimilator  
  17  0:58  Probe  
  18  1:10  Probe  
  19  1:14  Gateway  
  19  1:18  Pylon  
  19  1:23  Probe  
  20  1:29  Assimilator  
  20  1:39  Cybernetics Core  
  20  1:47  Zealot  
  20  1:53  Pylon  
  21  2:05  Gateway  
  21  2:16  Warp Gate  
  21  2:19  Pylon  
  21  2:24  Pylon  
  21  2:43  Adept  
  23  2:45  Adept  
  25  3:11  Stalker  
  25  3:12  Robotics Facility  
  25  3:41  Gateway  
  25  3:44  Shield Battery  
  25  3:47  Shield Battery  
  29  4:13  Observer  
  26  4:17  Probe  
  27  4:25  Probe  
  28  4:34  Immortal  
  32  4:50  Shield Battery  
  32  4:51  Stalker x3  
  38  5:03  Probe  
  39  5:15  Probe  
  38  5:39  Zealot x3  
  40  5:48  Pylon  
  40  5:50  Robotics Facility  
  40  6:05  Nexus  
  40  6:13  Shield Battery  
  40  6:16  Probe  
  42  6:40  Observer  
  42  6:41  Stalker x2  
  42  6:43  Sentry  
  48  7:07  Immortal  
  52  7:19  Stalker x2  
  56  7:32  Probe  
  56  7:35  Probe  
  58  7:39  Stalker  
  58  7:40  Probe  
  61  7:47  Probe  
  61  7:50  Probe  
  62  7:54  Pylon  
  63  8:13  Forge  
  63  8:16  Probe x2  
  63  8:17  Sentry x3  
  70  8:24  Probe x2  
  69  8:34  Probe  
  56  8:44  Zealot x3  
  43  9:04  Stalker  
  43  9:05  Stalker x2  
  43  9:09  Immortal  
  39  9:34  Stalker x2  
  27  10:11  Stalker x2  
Show
View Real Time Build Order
Export as new Build Order

Prometheus Protoss - Winner!

Build Orders: Dark Templar Rush 

Get SALT Encoding   

  12  0:01  Probe  
  13  0:19  Probe  
  13  0:20  Pylon  
  14  0:31  Probe  
  15  0:39  Probe  
  15  0:40  Gateway  
  15  0:47  Probe  
  16  0:53  Assimilator  
  17  0:57  Probe  
  18  1:13  Gateway  
  18  1:24  Assimilator  
  18  1:26  Probe  
  19  1:35  Cybernetics Core  
  19  1:41  Pylon  
  19  1:46  Zealot  
  21  1:52  Probe  
  22  1:58  Pylon  
  22  2:04  Probe  
  22  2:06  Warp Gate  
  23  2:14  Shield Battery  
  23  2:34  Twilight Council  
  23  2:40  Robotics Facility  
  23  2:46  Stalker  
  23  2:47  Stalker  
  27  3:16  Dark Shrine  
  27  3:35  Warp Prism  
  27  3:39  Gateway  
  29  4:12  Observer  
  29  4:13  Pylon  
  30  4:35  Charge  
  30  4:39  Dark Templar x2  
  34  4:55  Dark Templar  
  30  5:36  Immortal  
  30  5:39  Zealot x3  
  40  5:47  Gateway  
  40  5:49  Gateway, Pylon  
  40  6:02  Zealot x2  
  40  6:03  Zealot  
  46  6:16  Immortal  
  50  6:40  Nexus  
  50  6:51  Zealot  
  50  6:52  Zealot  
  54  7:26  Pylon, Probe  
  54  7:27  Pylon  
  55  7:45  Probe, Dark Templar x3  
  62  7:55  Dark Templar  
  62  7:57  Probe  
  65  8:08  Archon x2  
  65  8:09  Probe  
  66  8:21  Probe  
  43  9:40  Dark Templar x3  
  43  9:41  Dark Templar x2  
  53  9:48  Probe  
  53  9:49  Probe  
  55  10:00  Probe  
  55  10:01  Archon, Probe  
  55  10:02  Archon  
Show
View Real Time Build Order
Export as new Build Order

Fedayn Zerg - Winner!

Build Orders: Pool First 

Get SALT Encoding   

  12  0:02  Drone  
  13  0:24  Spawning Pool  
  13  0:27  Drone  
  13  0:35  Overlord  
  13  0:47  Drone  
  14  1:13  Zergling x6  
  14  1:14  Queen  
  19  1:26  Drone  
  20  1:43  Hatchery  
  20  1:44  Drone  
  20  1:47  Extractor  
  19  2:04  Overlord  
  19  2:05  Drone  
  20  2:13  Drone  
  21  2:21  Drone  
  20  2:38  Drone x2  
  20  2:39  Drone x2  
  23  2:49  Drone  
  24  2:54  Queen  
  24  2:57  Drone x2  
  28  3:02  Metabolic Boost  
  28  3:17  Queen  
  30  3:24  Zergling x8  
  34  3:30  Drone x2  
  36  3:53  Overlord  
  36  3:54  Overlord  
  36  4:06  Overlord  
  36  4:11  Overlord  
  36  4:12  Queen  
  36  4:13  Drone x4  
  36  4:14  Drone x2  
  44  4:20  Overlord  
  44  4:27  Zergling x6  
  44  4:28  Zergling x2  
  48  4:36  Lair, Extractor  
  47  4:39  Extractor  
  47  4:41  Zergling x6  
  47  4:42  Zergling x2  
  50  4:56  Zergling x6  
  53  5:04  Roach Warren  
  53  5:05  Drone x4  
  56  5:13  Drone x2  
  56  5:14  Drone  
  55  5:25  Hatchery  
  43  5:52  Roach x5  
  43  5:53  Roach x7  
  67  6:07  Evolution Chamber  
  66  6:11  Evolution Chamber  
  65  6:21  Glial Reconstitution  
  65  6:24  Drone  
  66  6:26  Drone x2  
  66  6:28  Overlord  
  66  6:29  Overlord  
  68  6:42  Roach x3  
  68  6:43  Overlord  
  74  6:47  Zerg Missile Weapons Level 1  
  74  6:48  Zerg Ground Armor Level 1  
  74  7:05  Roach x5  
  84  7:23  Overseer  
  84  7:26  Roach x3  
  90  7:30  Overlord x2  
  90  7:31  Overlord x2  
  90  7:47  Overlord  
  90  7:56  Roach x4  
  90  7:57  Roach x4  
  106  8:05  Roach x2  
  110  8:06  Roach x2  
  110  8:12  Roach x2  
  118  8:13  Roach  
  120  8:20  Roach x2  
  120  8:21  Roach  
  120  8:25  Roach  
  128  8:34  Roach x3  
  114  8:48  Roach x2  
  114  8:49  Roach x3  
  112  8:57  Roach x2  
  112  8:58  Roach  
  112  9:00  Zergling x2  
  107  9:25  Roach x5  
  107  9:26  Roach x3  
  121  9:50  Roach x4  
Tags
 
Add a new tag
Caveats
  • Supply blocks, unpowered buildings, or Contaminate may cause inaccurate times.
  • Supply counts are checked every 10 seconds.